 Dungeon Crawl Stone Soup version 0.14-a0-1403-g5d3c58f (webtiles) character file.

72 4tharraofdagon the Covered (level 3, -3/30 HPs)
             Began as a Centaur Wanderer on Dec 10, 2013.
             Was an Initiate of Ashenzari.
             Killed by divine providence
             ... invoked by an orc priest
              (14 damage)
             ... on Level 4 of the Dungeon.
             The game lasted 00:03:05 (589 turns).

4tharraofdagon the Covered (Centaur Wanderer)        Turns: 589, Time: 00:03:05

HP  -3/30        AC  6     Str 14      XL: 3   Next:  8%
MP   3/3         EV  6     Int  8      God: Ashenzari [......]
Gold 40          SH  0     Dex 12      Spells:  0 memorised,  2 levels left

rFire  . . .     SeeInvis .     o - +0,+2 orc hand axe
rCold  . . .     Clarity  .     h - +0 scale mail
rNeg   . . .     Conserve .     (no shield)
rPois  .         rCorr    .     (no helmet)
rElec  .         rRot     .     (no cloak)
SustAb . .       Spirit   .     (no gloves)
rMut   .         Warding  .     (no barding)
Saprov . . .     Stasis   .     (no amulet)
                                (no ring)
                                (no ring)

@: very quick, not resistant to hostile enchantments, extremely unstealthy
A: hooves 3, deformed body, herbivore 1, speed 2, fast metabolism 1, tough skin
3
a: Renounce Religion


You were on level 4 of the Dungeon.
You worshipped Ashenzari.
Ashenzari was noncommittal.
You were not hungry.

You visited 1 branch of the dungeon, and saw 5 of its levels.

You collected 40 gold pieces.

Inventory:

Hand weapons
 b - a +0,+0 bow
 o - a +0,+2 orcish hand axe (weapon)
Missiles
 j - 16 arrows
 v - 6 tomahawks (quivered)
Armour
 c - a +0 robe
 h - a +0 scale mail (worn)
Magical devices
 a - a wand of frost (15)
Comestibles
 f - 2 bread rations
Scrolls
 d - a scroll of teleportation
 e - a scroll of enchant weapon II {unknown}
 g - 2 scrolls of remove curse
 i - 2 scrolls of immolation {unknown}
 k - a scroll of blinking {unknown}
 l - 2 scrolls of curse jewellery
 n - a scroll of fog {unknown}
 p - 2 scrolls of curse weapon
 r - a scroll of magic mapping {unknown}
 u - a scroll of enchant weapon III {unknown}
Potions
 m - a potion of brilliance {unknown}
 q - 3 potions of curing {unknown}
 t - a potion of restore abilities {unknown}
Books
 s - a book of Ice

   Spells                             Type                      Level
   Freezing Aura                      Charms/Ice                   2
   Ensorcelled Hibernation            Hexes/Ice                    2
   Ozocubu's Refrigeration            Ice                          6
   Bolt of Cold                       Conjuration/Ice              6
   Freezing Cloud                     Conjuration/Ice/Air          6
   Metabolic Englaciation             Hexes/Ice                    6
   Simulacrum                         Ice/Necromancy               6
Magical staves
 w - an uncursed staff of conjuration


   Skills:
 + Level 2.8 Fighting
 * Level 1.1 Axes
   Level 1.0 Maces & Flails
 - Level 1.3 Bows
 + Level 3.2 Armour
   Level 1.0 Invocations
 - Level 1.0 Evocations


You had 2 spell levels left.
You didn't know any spells.

Dungeon Overview and Level Annotations

Branches:
Dungeon (5/16)
 Temple: D:4-7

Altars:
Ashenzari

Portals:
Sewer: D:5


Innate Abilities, Weirdness & Mutations

You have hooves in place of feet.
Armour fits poorly on your strangely shaped body.
You digest meat inefficiently.
You cover ground very quickly.
You have a fast metabolism.
You have extremely tough skin (AC +3).


Message History

A rat comes into view.
You slash the ball python!
You kill the ball python!
You see here a ball python corpse.
Found 14 gold pieces.
You hit the rat.
You kill the rat!
Found a scroll of curse jewellery.
Found an uncursed cutlass.
Found a stone staircase leading up.
You now have 40 gold pieces (gained 14).
l - 2 scrolls of curse jewellery (gained 1)
The orc wizard shouts!
The orc wizard gestures wildly while chanting.
The orc wizard seems to speed up.
The orc wizard mumbles some strange words.
You feel a wave of unholy energy pass over you.
The orc priest mumbles some strange prayers to Beogh against you.
Something smites you!
You die...

.....................
.......o..........####
................# #
... ......$.######..#
# ....# ###o...#
#...... #....# #....#
#...... ##...)# #....#
#...###
.......#######....#
#...# #
..............@....#
#... #
.............<.....# .
......................
####..................
#...########......
#...# #..... #...#
#....
#######...########...
####
.........%...........
.......


You could see an orc priest and an orc wizard.

Vanquished Creatures
  2 adder skeletons (D:4)
  A giant gecko (D:5)
  An orc (D:4)
  2 ball pythons
  3 bats (D:4)
  2 giant cockroaches
  A hobgoblin (D:4)
  2 kobolds (D:4)
  3 goblins
  5 rats
  A rat skeleton (D:4)
23 creatures vanquished.

Notes
Turn   | Place    | Note
--------------------------------------------------------------
     0 | D:1      | 4tharraofdagon, the Centaur Wanderer, began the quest for the Orb.
     0 | D:1      | Reached XP level 1. HP: 17/17 MP: 1/1
    84 | D:3      | Found a shattered altar of Ashenzari.
    98 | D:3      | Became a worshipper of Ashenzari the Shackled
   177 | D:4      | Reached skill level 3 in Armour
   177 | D:4      | Reached XP level 2. HP: 8/25 MP: 2/2
   318 | D:4      | Noticed an orc wizard
   318 | D:4      | Noticed an orc priest
   364 | D:5      | Entered Level 5 of the Dungeon
   365 | D:5      | Found a glowing drain.
   535 | D:4      | Reached skill level 1 in Axes
   543 | D:4      | Reached XP level 3. HP: 8/30 MP: 3/3
   589 | D:4      | Killed from afar by an orc priest

Action                   || total
-------------------------++-------
Melee: Hand axe          ||    21
 Fire: Bow               ||    37
